 Dungeon Crawl Stone Soup version 0.22-a0-354-g30dfbe6 (webtiles) character file.

238 Amnesiac the Grave Robber (level 5, -5/39 HPs)
             Began as a Mummy Necromancer on Apr 17, 2018.
             Slain by an orc wizard
             ... wielding a +0 dagger
              (6 damage)
             ... on level 4 of the Dungeon.
             The game lasted 00:06:53 (2014 turns).

Amnesiac the Grave Robber (Mummy Necromancer)       Turns: 2014, Time: 00:06:54

Health: -5/39      AC:  2    Str: 13    XL:     5   Next: 78%
Magic:  0/10       EV: 13    Int: 16    God:
Gold:   20         SH:  0    Dex: 12    Spells: 2/11 levels left

rFire    x . .     SeeInvis .   c - +1 dagger "Daluzik" {pierce, rC+ MR- Str+2}
rCold    + + .     Gourm    .   (no shield)
rNeg     + + +     Faith    .   a - +0 robe
rPois    ∞         Spirit   .   (no helmet)
rElec    .         Reflect  .   (no cloak)
rCorr    .         Harm     .   (no gloves)
MR       .....                  (no boots)
Stlth    ++........             (no amulet)
HPRegen  0.13/turn              (no ring)
MPRegen  0.12/turn              (no ring)

@: no status effects
A: no food or potions, fire vulnerability, cold resistance 1, negative energy
resistance 3, torment resistance, unbreathing
a: no special abilities


You were on level 4 of the Dungeon.
You were not hungry.

You visited 1 branch of the dungeon, and saw 5 of its levels.

You collected 85 gold pieces.
You spent 65 gold pieces at shops.

Inventory:

Hand Weapons
 c - the +1 dagger "Daluzik" (weapon) {pierce, rC+ MR- Str+2}
   (You found it on level 4 of the Dungeon)

   It inflicts extra damage upon your enemies.
   It affects your strength (+2).
   It protects you from cold.
   It affects your resistance to hostile enchantments.
Armour
 a - a +0 robe (worn)
Scrolls
 b - a scroll of identify {!r}
 d - a scroll of teleportation {!r}
 e - a scroll of fog {!r}


   Skills:
 + Level 2.3 Fighting
 * Level 3.4 Dodging
 - Level 1.5 Stealth
 - Level 3.5 Spellcasting
 - Level 5.0 Necromancy


You had 2 spell levels left.
You knew the following spells:

 Your Spells              Type           Power        Failure   Level  Hunger
a - Pain                  Necr           ###.         2%          1    N/A
d - Vampiric Draining     Necr           ###.......   7%          3    N/A
s - Conjure Flame         Conj/Fire      #.......     47%         3    N/A
v - Blink                 Tloc           N/A          26%         2    N/A

Dungeon Overview and Level Annotations

Branches:
Dungeon (5/15)
 Temple: D:4-7

Altars:

Shops:
D:4 ?

Annotations:
D:4 1 runed door


Innate Abilities, Weirdness & Mutations

You do not eat or drink.
Your flesh is vulnerable to fire.
You are immune to poison.
Your flesh is cold resistant. (rC+)
You are immune to negative energy. (rN+++)
You are immune to unholy pain and torment.
You can survive without breathing.


Message History

The orc wizard hits you but does no damage.
You hit the orc wizard but do no damage.
The orc wizard gestures wildly while chanting.
The orc wizard seems to speed up.
You miss the orc wizard. The orc wizard casts a spell at you.
The puff of flame hits you! The fire burns you terribly!
The orc wizard hits you with a dagger.
* * * LOW HITPOINT WARNING * * *
The orc wizard hits you with a dagger.
* * * LOW HITPOINT WARNING * * *
The orc wizard begins to cast a cantrip, but forgets the words!
Your magical contamination has completely faded away.
Casting: Vampiric Draining (safe; 7% risk of failure)
Confirm with . or Enter, or press ? or * to list all spells.
Aiming: Vampiric Draining (safe; 7% risk of failure)
Press: ? - help, Shift-Dir - straight line, f - orc wizard
Aim: an orc wizard, wielding a dagger and wearing a robe (fast)
The orc wizard is heavily wounded.
You feel life coursing into your body.
The orc wizard hits you but does no damage.
The orc wizard hits you with a dagger.
* * * LOW HITPOINT WARNING * * *
Unknown command.
You hit the orc wizard but do no damage.
The orc wizard is heavily wounded.
The orc wizard misses you.
You barely miss the orc wizard.
The orc wizard is heavily wounded.
The orc wizard hits you with a dagger.
* * * LOW HITPOINT WARNING * * *
The orc wizard hits you with a dagger.
* * * LOW HITPOINT WARNING * * *
The orc wizard points at you and mumbles some strange words.
The puff of flame misses you.
There is a stone staircase leading down here.
Really read
b - 2 scrolls of identify {!r}?
As you read the scroll of identify {!r}, it crumbles to dust.
e - a scroll of fog {!r} The orc wizard hits you with a dagger.
* * * LOW HITPOINT WARNING * * *
You completely miss the orc wizard.
The orc wizard is heavily wounded.
The orc wizard closely misses you. The orc wizard misses you.
Casting: Vampiric Draining (safe; 7% risk of failure)
Confirm with . or Enter, or press ? or * to list all spells.
Aiming: Pain (safe; 2% risk of failure)
Press: ? - help, Shift-Dir - straight line, f/p - orc wizard
Aim: an orc wizard, wielding a dagger and wearing a robe (heavily wounded, fast, chance to defeat MR: 78%)
The orc wizard writhes in agony!
The orc wizard gestures at you while chanting.
The puff of frost misses you.
Unknown command.
You hit the orc wizard but do no damage.
The orc wizard is heavily wounded.
The orc wizard points at you and mumbles some strange words.
The magic dart hits you!
* * * LOW HITPOINT WARNING * * *
The orc wizard hits you with a dagger.
* * * LOW HITPOINT WARNING * * *
You barely miss the orc wizard.
The orc wizard is heavily wounded.
The orc wizard hits you with a dagger.
You die...

#.# ##'## #.##.# #
#.# #.# #..... . #.#
#.# ####.# # .#
##.## #.#
####...##### #.#
#......)...#
###......#.#.#
........##.#.######
###....@o.....!.....
#..#...#†#.#######
#..##.##.#.# #.
#.##.#.# # #.##.#.#
.......# #.######
#.#


You could see an orc wizard.

Vanquished Creatures
  A centaur (D:4)
  A scorpion (D:4)
  2 orc priests (D:4)
  2 adders
  An ooze (D:4)
  6 orcs
  2 giant cockroaches
  A goblin (D:2)
  5 hobgoblins
  3 jackals (D:3)
  A frilled lizard (D:4)
  A kobold (D:3)
  2 rats (D:3)
28 creatures vanquished.

Notes
Turn   | Place    | Note
-------+----------+-------------------------------------------
     0 | D:1      | Amnesiac the Mummy Necromancer began the quest for the Orb.
     0 | D:1      | Reached XP level 1. HP: 13/13 MP: 4/4
   259 | D:4      | Reached XP level 2. HP: 12/19 MP: 0/6
   930 | D:3      | Reached XP level 3. HP: 24/24 MP: 1/7
   935 | D:3      | Learned a level 3 spell: Vampiric Draining
  1231 | D:3      | Reached skill level 5 in Necromancy
  1364 | D:4      | Got a crude dagger
  1381 | D:4      | Found Suclud's Magic Scroll Boutique.
  1440 | D:4      | Noticed an ogre
  1479 | D:4      | Bought a scroll of identify for 26 gold pieces
  1479 | D:4      | Bought a scroll of teleportation for 39 gold pieces
  1481 | D:4      | Noticed a scorpion
  1481 | D:4      | Identified the +1 dagger "Daluzik" {pierce, rC+ MR- Str+2} (You found it on level 4 of the Dungeon)
  1487 | D:4      | Killed a scorpion
  1487 | D:4      | Reached skill level 1 in Fighting
  1487 | D:4      | Reached XP level 4. HP: 32/32 MP: 3/9
  1535 | D:4      | Found a runed door.
  1633 | D:4      | Learned a level 2 spell: Blink
  1637 | D:4      | Learned a level 3 spell: Conjure Flame
  1660 | D:5      | Entered Level 5 of the Dungeon
  1760 | D:4      | Noticed a centaur
  1781 | D:4      | Killed a centaur
  1781 | D:4      | Reached XP level 5. HP: 16/38 MP: 0/10
  2013 | D:4      | HP: 1/39 [orc wizard/dagger (1)]
  2014 | D:4      | Slain by an orc wizard

Vault maps used:
D:1:      dpeg_arrival_erosion, tso_metal_star
D:4:      minmay_temple_entry_statues_pillars, serial_shops, shop, first_ration,
          uniq_crazy_yiuf_cottage
D:5:      minmay_holes, abandoned_shop

Skill      XL: |  1  2  3  4  5 |
---------------+----------------+-----
Spellcasting   | 3 |  3.5
Necromancy     | 5 |  5.0
Fighting       | 1 2 |  2.3
Dodging        | 2 3 |  3.4
Stealth        | |  1.5

Action                   |  1- 3 |  4- 6 || total
-------------------------+-------+-------++-------
Melee: Unarmed           |     9 |       ||     9
       Dagger            |       |    13 ||    13
 Cast: Pain              |    63 |    16 ||    79
       Vampiric Draining |       |     3 ||     3
  Use: Scroll            |       |     1 ||     1
Armor: Robe              |     6 |     2 ||     8
Dodge: Dodged            |    13 |    21 ||    34

Table legend:
 A = Spawn XP
 B = Non-spawn XP
 C = Spawn XP percentage of total XP
 D = Spawn monster count
 E = Non-spawn monster count
 F = Spawn count percentage of total count
 G = Total turns spent on level
                    A         B        C        D         E        F      G
               +---------+---------+-------+---------+---------+-------+---------
         Total |       0 |     340 |   0.0 |       0 |      28 |   0.0 |  2014
               +---------+---------+-------+---------+---------+-------+---------
           D:1 |       0 |       2 |   0.0 |       0 |       1 |   0.0 |    63
           D:2 |       0 |       2 |   0.0 |       0 |       1 |   0.0 |    19
           D:3 |       0 |      45 |   0.0 |       0 |      16 |   0.0 |   887
           D:4 |       0 |     288 |   0.0 |       0 |       9 |   0.0 |  1040
           D:5 |       0 |       3 |   0.0 |       0 |       1 |   0.0 |     5
               +---------+---------+-------+---------+---------+-------+---------
